Cogmind - Beta 11 @@@ ROGUE MODE // 2022.05.12 @ 15:00:59 Player: Unmode Result: Self-destructed Performance ------------- Evolutions (6) 3000 Regions Visited (25) 5000 Robots Destroyed (161) 805 Value Destroyed (6142) 6142 Prototype IDs (31) 620 Alien Tech Used (0) 0 Bonus (3414) 3414 TOTAL SCORE: 18981 Bonus ------- High Alert Combat Kills 403 Follower Combat Kills 1505 Network Hubs Disabled 200 Met Data Miner 300 Met Imprinter 300 Met Warlord at Base 500 MAIN.C Attacked Warlord 500 Friendly Fire -294 Cogmind --------- Core Integrity 813/1150 Matter 192/300 Energy 325/325 System Corruption 13% Temperature Cool (0) Movement Rolling (190) Ox5 Location -4/Hub_04(d) Parts ------- > --- POWER (2) -------- Antimatter Reactor Improved Fusion Compressor > --- PROPULSION (4) --- Centrium Wheel > --- UTILITY (10) ----- High-capacity Storage Unit Advanced Signal Interpreter Advanced Terrain Scanner Experimental Target Analyzer Advanced Transmission Jammer Improved Heavy Armor Plating Graphene Brace Advanced Hacking Suite System Mapper > --- WEAPON (3) ------- Vortex Rail > --- INVENTORY (20) --- Armored Medium Treads Improved Heavy Treads Centrium Heavy Treads Experimental Matter Compressor (500) Structural Scanner Experimental Sensor Array Improved Heavy Armor Plating Thermal Barrier Improved System Guard Matter Neutralizer Matter Neutralizer Rocket Array Phasing Sabre Peak State ------------ > --- POWER ------------ Vortex Chain Reactor > --- PROPULSION ------- Improved Heavy Treads Armored Wheel Centrium Wheel > --- UTILITY ---------- High-capacity Storage Unit Advanced Signal Interpreter Experimental Target Analyzer Quantum Capacitor Centrium Medium Armor Plating Graphene Brace Thermal Barrier Advanced Hacking Suite System Mapper > --- WEAPON ----------- Vortex Rail Matter Neutralizer Advanced KE Penetrator > --- INVENTORY -------- Improved Fusion Compressor Armored Medium Treads Centrium Heavy Treads Armored Huge Wheel Improved Cooling System Advanced Coolant Injector Experimental Matter Compressor Structural Scanner Experimental Sensor Array Advanced Terrain Scanner Improved Kinecellerator Makeshift Transmission Jammer Improved Medium Armor Plating EM Disruption Field Improved System Guard Matter Neutralizer Rocket Array Phasing Sabre [Rating: 148] Favorites ----------- Power Antimatter Reactor Engine Light Ion Engine Power Core Improved Fusion Compressor Reactor Antimatter Reactor Propulsion Armored Treads Treads Armored Treads Wheel Armored Huge Wheel Utility High-capacity Storage Unit Device Experimental Sensor Array Storage High-capacity Storage Unit Processor Improved Signal Interpreter Hackware Advanced Hacking Suite Protection Layered Medium Armor Plating Weapon Matter Neutralizer Energy Gun Small Laser Energy Cannon Matter Neutralizer Ballistic Gun Heavy Assault Rifle Ballistic Cannon Advanced Assault Cannon Launcher Improved Grenade Launcher Slashing Weapon Phasing Sabre Piercing Weapon Makeshift Spear Build | -11 -10 -10 -10 -9 -8 -7 -7 -7 -7 -6 -6 -6 -6 -6 -5 -5 -5 -5 -5 -4 -4 -4 -4 -4 -4 ------- Run | Scr Mat Min Exi Min Mat Fac Low Low Zio Pro Fac Low Low Dat Pro Fac Upp Upp War Pro Fac Ext Cet Arc Hub Slots Evolved 12 | . . . . . 4 2 . . . . 2 . . . . 2 . . . . 2 . . . . Power 1 | . . . . . . . . . . . . . . . . . . . . . 1 . . . . Propulsion 2 | . . . . . 1 1 . . . . . . . . . . . . . . . . . . . Utility 8 | . . . . . 2 1 . . . . 2 . . . . 2 . . . . 1 . . . . Weapon 1 | . . . . . 1 . . . . . . . . . . . . . . . . . . . . Parts Attached 416 | 7 18 9 . 17 16 18 16 13 9 9 11 6 33 5 15 11 20 16 10 11 49 32 8 19 38 Power 14 | 1 2 3 . 3 . 1 . . . . . . . . . . . . 1 . 1 . . . 2 Engine 9 | 1 2 3 . 3 . . . . . . . . . . . . . . . . . . . . . Core 1 | . . . . . . . . . . . . . . . . . . . . . . . . . 1 Reactor 4 | . . . . . . 1 . . . . . . . . . . . . 1 . 1 . . . 1 Propulsion 53 | 2 7 3 . 4 4 5 . 2 1 . . . 3 . . . 1 . 1 . 9 3 2 5 1 Treads 27 | 1 5 2 . 1 4 1 . 1 . . . . 2 . . . . . . . 6 1 1 2 . Leg . | . . . . . . . . . . . . . . . . . . . . . . . . . . Wheel 26 | 1 2 1 . 3 . 4 . 1 1 . . . 1 . . . 1 . 1 . 3 2 1 3 1 Hover . | . . . . . . . . . . . . . . . . . . . . . . . . . . Flight . | . . . . . . . . . . . . . . . . . . . . . . . . . . Utility 241 | 2 2 2 . 3 7 7 12 7 4 6 7 4 20 2 12 6 16 10 8 11 30 23 2 13 25 Device 172 | 1 . 2 . 1 3 3 10 4 2 4 2 3 15 . 10 4 16 7 3 8 22 19 1 12 20 Storage 6 | 1 2 . . . . 1 . . . . 1 . . . . . . . 1 . . . . . . Processor 5 | . . . . . 2 . . . . . . . . . 1 . . . 1 . 1 . . . . Hackware 5 | . . . . . . . . . . . . . . . . 2 . 1 1 1 . . . . . Protection 53 | . . . . 2 2 3 2 3 2 2 4 1 5 2 1 . . 2 2 2 7 4 1 1 5 Artifact . | . . . . . . . . . . . . . . . . . . . . . . . . . . Weapon 108 | 2 7 1 . 7 5 5 4 4 4 3 4 2 10 3 3 5 3 6 . . 9 6 4 1 10 Energy Gun 9 | 1 . . . . . . . . 1 . . . . . . . . . . . 1 2 1 . 3 Energy Cannon 12 | . . . . . . . . . . . 1 . 1 1 1 2 . 1 . . . 1 1 . 3 Ballistic Gun 34 | 1 7 1 . 3 3 2 . 1 1 1 . 1 1 1 . 1 1 1 . . 5 . 1 . 2 Ballistic Cannon 14 | . . . . . . 1 3 . . 1 1 . 2 . 1 . 1 1 . . 2 1 . . . Launcher 20 | . . . . 4 1 1 . 1 1 . 1 . 3 1 . 1 . 2 . . . 2 1 . 1 Special Weapon . | . . . . . . . . . . . . . . . . . . . . . . . . . . Impact Weapon . | . . . . . . . . . . . . . . . . . . . . . . . . . . Slashing Weapon 14 | . . . . . . . . . 1 1 1 1 3 . 1 1 1 1 . . 1 . . 1 1 Piercing Weapon 5 | . . . . . 1 1 1 2 . . . . . . . . . . . . . . . . . Special Melee Weapon . | . . . . . . . . . . . . . . . . . . . . . . . . . . Unidentified Prototypes 18 | . . . . . 2 . . . 1 . . . . . 2 . . . 5 . 5 . 2 1 . Corrupted Parts 4 | . . . . . . . . . . . . . . . 1 . . . . . . . . 2 1 System Corruption 28 | . . . . . . . . . . . . . . . 3 . . . . . . . . 15 10 Parts Lost 17 | . 2 2 . 2 . . . 1 . . . . . . . . . . . . . 1 1 . 8 Power 3 | . 1 1 . . . . . . . . . . . . . . . . . . . . . . 1 Propulsion 7 | . 1 1 . 1 . . . 1 . . . . . . . . . . . . . . . . 3 Utility 3 | . . . . 1 . . . . . . . . . . . . . . . . . . . . 2 Weapon 4 | . . . . . . . . . . . . . . . . . . . . . . 1 1 . 2 Highest Loss Streak 7 | . 2 1 . 1 . . . 1 . . . . . . . . . . . . . 1 1 . 7 To Critical Strikes 1 | . . . . . . . . . . . . . . . . . . . . . . 1 . . . Average Slot Usage (%) 94 | . 99 98 100 100 96 99 100 100 93 92 92 93 94 81 92 92 94 94 93 94 88 86 84 83 88 Engine 2 | . 14 13 14 14 9 3 . . . . . . . . . . . . . . . . . . . Reactor 4 | . . . . . . 3 7 7 7 7 6 6 6 6 6 5 5 5 5 5 5 5 5 5 4 Treads 11 | . 15 14 14 14 18 17 15 15 15 15 13 13 14 13 13 11 8 5 . . 3 5 6 7 . Wheel 10 | . 12 13 14 14 9 12 15 14 8 7 6 6 5 6 6 5 7 11 17 17 10 7 9 5 14 Device 17 | . 14 14 14 5 10 5 13 13 15 14 20 19 21 25 26 23 23 22 22 22 19 20 15 17 20 Storage 7 | . 14 14 14 14 9 7 7 7 7 7 6 6 6 6 6 5 5 5 5 5 5 5 5 5 5 Processor 9 | . . . . . 5 15 15 15 15 15 13 13 13 13 11 5 5 5 7 11 10 10 10 10 10 Hackware 3 | . . . . . . . . . . . . . . . . 9 11 11 11 11 10 10 10 10 10 Protection 3 | . . . . 8 10 8 1 1 . . 5 6 4 1 . 5 5 5 3 . 6 5 5 5 5 Energy Cannon 2 | . . . . . . . . . . . 3 6 4 . 5 1 5 5 5 5 5 4 7 6 6 Ballistic Gun 8 | . 22 28 28 20 18 16 7 8 7 2 2 . 6 . 6 4 1 2 5 5 4 5 5 5 4 Ballistic Cannon 3 | . . . . . . . 10 7 7 7 6 2 2 . . 5 5 5 5 5 5 4 . . . Launcher 1 | . . . . 7 5 . . . . 6 . 6 1 . . . 1 . . . . . . . . Slashing Weapon 1 | . . . . . . . . . 6 4 5 3 2 5 6 3 1 2 . . . . . 3 2 Naked Turns . | . . . . . . . . . . . . . . . . . . . . . . . . . . Heaviest Build 139 | 14 30 32 30 41 53 79 81 82 82 84 96 92 98 92 92 97 105 119 113 110 139 123 115 116 123 Greatest Support 102 | 10 40 40 20 20 16 32 32 32 40 28 28 28 88 28 28 28 40 40 52 52 56 102 102 102 56 Greatest Overweight (x) 9 | 1 2 3 1 3 3 3 2 4 2 2 3 3 3 3 3 3 3 2 2 2 4 4 9 4 5 Average Overweight (x) 2 | . . 1 1 2 2 1 2 2 1 2 2 2 2 2 2 3 2 2 1 1 2 3 4 1 1 Largest Inventory Capacity 20 | 8 15 15 15 15 15 20 20 20 20 20 20 20 20 20 20 20 20 20 20 20 20 20 20 20 20 Average Capacity 18 | 7 9 15 15 15 15 17 20 20 20 20 20 20 20 20 20 20 20 20 20 20 20 20 20 20 20 Most Carried 20 | 6 12 15 15 15 15 20 20 20 20 20 20 20 20 20 20 20 20 20 20 20 20 20 20 20 20 Average Carried 18 | 4 8 14 14 14 13 15 19 19 19 19 19 20 19 20 19 19 19 19 19 19 19 19 19 19 18 Final Capacity 20 | 8 15 15 15 15 15 20 20 20 20 20 20 20 20 20 20 20 20 20 20 20 20 20 20 20 20 Final Carried 20 | 6 12 15 15 15 14 20 20 20 20 20 20 20 20 20 20 20 20 20 20 20 20 20 20 17 16 Class Distribution -------------------- 16% | Derelict-Assassin 15% | Assassin 15% | Mutant 13% | Hacker-Mutant 7% | Scavenger-Mutant 6% | Hacker-Skirmisher 4% | Skirmisher 4% | Hacker-Tank 3% | Hacker-Gunner 3% | Infiltrator-Mutant Dominant Class ---------------- Mutant | -10/Materials Scavenger-Mutant | -10/Mines Scavenger-Mutant | -10/Exiles Mutant | -9/Mines Scavenger-Tank | -8/Materials Mutant | -7/Factory Skirmisher | -7/Lower Caves Assassin | -7/Lower Caves Assassin | -7/Zion Assassin | -6/Proximity Caves Derelict-Assassin | -6/Factory Derelict-Assassin | -6/Lower Caves Derelict-Assassin | -6/Lower Caves Infiltrator-Assassin | -6/Data Miner Derelict-Assassin | -5/Proximity Caves Derelict-Assassin | -5/Factory Derelict-Assassin | -5/Upper Caves Derelict-Assassin | -5/Upper Caves Hacker-Mutant | -5/Warlord Hacker-Mutant | -4/Proximity Caves Hacker-Mutant | -4/Factory Hacker-Gunner | -4/Extension Hacker-Mutant | -4/Cetus Hacker-Mutant | -4/Archives Hacker-Assassin | -4/Hub_04(d) Resources | -11 -10 -10 -10 -9 -8 -7 -7 -7 -7 -6 -6 -6 -6 -6 -5 -5 -5 -5 -5 -4 -4 -4 -4 -4 -4 ----------- Run | Scr Mat Min Exi Min Mat Fac Low Low Zio Pro Fac Low Low Dat Pro Fac Upp Upp War Pro Fac Ext Cet Arc Hub Matter Collected 8464 | 197 485 326 94 400 101 235 479 436 224 175 53 121 595 . 211 200 525 360 622 144 607 1138 138 206 392 Remotely . | . . . . . . . . . . . . . . . . . . . . . . . . . . Salvage Created 6523 | 77 490 306 . 256 221 265 156 193 . 90 102 92 332 . 133 157 257 152 . 74 367 1103 211 601 888 Parts 346 | 5 45 28 . 22 12 11 6 5 . 13 6 4 18 . 14 3 6 1 . 4 15 42 12 28 46 Haulers Intercepted 2 | . 1 . . . . . . . . . . . . . . . . . . . . . . . 1 Recyclers Shooed 3 | . . . . . . . . . . . . . . . . . . . . . 1 1 . . 1 Parts Field Recycled . | . . . . . . . . . . . . . . . . . . . . . . . . . . Retrieved Matter . | . . . . . . . . . . . . . . . . . . . . . . . . . . Parts Self-Destructed 105 | . . . . . . . 4 5 1 10 . . 12 . 9 . 9 1 50 4 . . . . . Prevented 10 | . . . . . . . . 2 . . . . . . . . . . 8 . . . . . . Kills | -11 -10 -10 -10 -9 -8 -7 -7 -7 -7 -6 -6 -6 -6 -6 -5 -5 -5 -5 -5 -4 -4 -4 -4 -4 -4 ------- Run | Scr Mat Min Exi Min Mat Fac Low Low Zio Pro Fac Low Low Dat Pro Fac Upp Upp War Pro Fac Ext Cet Arc Hub Combat Hostiles Destroyed 113 | . 15 7 . 11 4 3 4 3 . 5 . . 11 . . 3 4 3 . 1 7 11 8 4 9 Guns 41 | . 15 7 . 2 4 3 1 1 . . . . . . . 1 . 1 . . 1 1 2 . 2 Cannons 28 | . . . . . . . 3 . . 1 . . 1 . . 2 2 . . 1 3 6 1 3 5 AOE 37 | . . . . 9 . . . 2 . 4 . . 9 . . . 2 2 . . 2 2 4 . 1 Classes Destroyed 16 | 1 5 1 . 2 . 1 3 . . . . . 1 . 1 1 . . . . . . . . . Worker 7 | . . . . . . 1 . . . . . . . . . . . . . . . 1 . . 5 Builder 5 | . . . . . . . . . . . . . . . . 1 . . . . . 2 . . 2 Tunneler 8 | 4 . 3 . 1 . . . . . . . . . . . . . . . . . . . . . Hauler 2 | . 1 . . . . . . . . . . . . . . . . . . . . . . . 1 Recycler 8 | . . . . 2 . 1 . . . . 1 . . . . . . . . . . 3 . . 1 Minesweeper 1 | . . . . . . . . . . . . . . . 1 . . . . . . . . . . Operator 10 | . 1 . . . . . . . . . . . . . . . . . . . . . . 9 . Watcher 6 | . 2 . . . . 1 . . . . . . . . . . . . . . . . 1 . 2 Swarmer 38 | . 9 3 . 10 . . . 3 . 4 . . 7 . . . . . . . . . 2 . . Grunt 33 | . 6 2 . . 3 3 . . . . . . 3 . . 3 1 2 . . . 6 3 . 1 Brawler 2 | . . . . 1 . . . . . . . . . . . . . . . . . . 1 . . Sentry 18 | . . 2 . . 1 . 1 . . 1 . . . . . . . 1 . . 3 1 . 4 4 Hunter 7 | . . . . . . . 2 . . . . . . . . . . . . 1 . 2 . . 2 Programmer 9 | . . . . . . . 1 . . . . . . . . . 2 . . . 4 . . . 2 Behemoth 3 | . . . . . . . . . . . . . 1 . . . . . . . . 2 . . . Cetus Guard 2 | . . . . . . . . . . . . . . . . . . . . . . . 2 . . Enhanced Grunt 1 | . . . . . . . . . . . . . . . 1 . . . . . . . . . . Samaritan 8 | . . . . . . . 2 . . . . 2 1 . . . 3 . . . . . . . . Thug 1 | . . . . . . . . . . . . . . . . . 1 . . . . . . . . Best Kill Streak 6 | 4 6 3 . 3 3 4 1 3 . 4 1 . 4 . 1 4 2 3 . 1 2 6 6 2 6 Combat Bots Only 6 | . 6 3 . 3 3 3 1 3 . 4 . . 4 . . 3 2 3 . 1 2 3 6 2 4 Max Kills in Single Turn 4 | 2 2 1 . 2 1 1 1 2 . 2 1 1 2 . 1 2 2 2 . 1 2 3 3 1 4 Gunslinging . | . . . . . . . . . . . . . . . . . . . . . . . . . . Exploded 3 | . . . . 2 . . . 2 . 2 . . 2 . . . 2 2 . . 2 2 3 . 1 Melee . | . . . . . . . . . . . . . . . . . . . . . . . . . . Uniques/NPCs Destroyed . | . . . . . . . . . . . . . . . . . . . . . . . . . . Combat | -11 -10 -10 -10 -9 -8 -7 -7 -7 -7 -6 -6 -6 -6 -6 -5 -5 -5 -5 -5 -4 -4 -4 -4 -4 -4 -------- Run | Scr Mat Min Exi Min Mat Fac Low Low Zio Pro Fac Low Low Dat Pro Fac Upp Upp War Pro Fac Ext Cet Arc Hub Damage Taken 7289 | . 525 242 . 442 243 132 284 149 . 138 . . 331 . . 168 185 209 . 45 712 637 526 404 1917 Core 680 | . 38 17 . 56 45 18 11 51 . 24 . . 18 . . . 15 44 . 6 52 67 39 27 152 Absorbed by Shields 8 | . . . . . . . . . . . . . . . . . . . . . . 8 . . . Reduced by Siege Mode 11 | . . . . . . . . . . . . . . . . . . . . . . . 7 4 . Core Remaining (%) 86 | 100 . . . 55 91 . . . . 85 . . . . 97 . . . . 93 . . . . . Volleys Fired 450 | 17 46 23 . 32 7 16 29 6 . 4 5 13 44 . . 7 12 16 1 5 32 26 29 34 46 Largest 3 | 2 2 2 . 2 3 3 3 1 . 3 2 1 3 . . 3 3 3 3 3 3 3 3 1 3 Hottest 245 | 60 60 46 . 46 69 69 120 48 . 129 90 90 182 . . 197 219 205 205 205 216 201 245 105 245 Shots Fired 817 | 34 91 46 . 55 21 43 55 6 . 8 7 12 54 . 1 17 19 26 3 9 69 74 34 34 99 Gun 431 | 34 91 46 . 46 21 43 16 2 . 2 2 . 7 . 1 5 . 5 1 2 19 26 26 . 36 Cannon 356 | . . . . . . . 39 2 . 4 5 12 40 . . 12 15 20 2 7 50 46 6 34 62 Launcher 30 | . . . . 9 . . . 2 . 2 . . 7 . . . 4 1 . . . 2 2 . 1 Special . | . . . . . . . . . . . . . . . . . . . . . . . . . . Kinetic 472 | 17 75 46 . 46 21 43 55 4 . 6 4 . 9 . 1 12 7 10 2 4 33 46 4 . 27 Thermal 275 | 17 16 . . . . . . . . . 3 12 38 . . 5 8 15 1 5 31 22 6 34 62 Explosive 30 | . . . . 9 . . . 2 . 2 . . 7 . . . 4 1 . . . 2 2 . 1 Electromagnetic . | . . . . . . . . . . . . . . . . . . . . . . . . . . Entropic 40 | . . . . . . . . . . . . . . . . . . . . . 5 4 22 . 9 Robot Hit Streak 21 | 5 8 18 . 4 8 21 10 1 . 3 1 6 8 . 9 13 14 4 1 2 4 13 4 7 12 Robot Miss Streak 9 | 1 3 3 . 5 2 2 4 1 . 1 2 . 1 . . 2 2 3 1 2 3 4 2 2 9 Penetration Max 2 | . . . . . . . . . . . . . . . . . . 1 . . 1 1 . . 2 Secondary Targets 3 | . 2 . . . 1 . . . . . . . . . . . . . . . . . . . . Max Gunslinging Chain 1 | . 1 . . . 1 . . . . . . . . . . . . . . . . . . . . Capacitor 56 | . . . . . . . . . . . . . . . . . . . . . . . 22 34 . Shots Hit Robots 462 | 25 53 31 . 27 17 33 31 5 . 3 2 6 8 . 2 10 14 8 1 3 28 43 20 40 52 Core Hits 324 | 4 28 13 . 16 10 10 33 7 . 7 1 4 21 . 2 8 13 12 . 2 10 36 29 18 40 Critical Kills 16 | . . . . . . . . . . . . . 1 . 1 . . 1 . . 2 6 1 1 3 Critical Parts Destroyed 25 | . . . . . . . . . . . . . . . . . . 1 . . 9 9 1 . 5 Critical Strikes 48 | . . . . . . . . . . . . . 1 . 1 . 1 2 . . 12 19 2 2 8 Meltdown 8 | . . . . . . . . . . . . . 1 . . . . . . . 1 2 1 1 2 Destroy 35 | . . . . . . . . . . . . . . . 1 . . 2 . . 9 17 . . 6 Blast 1 | . . . . . . . . . . . . . . . . . 1 . . . . . . . . Sever 1 | . . . . . . . . . . . . . . . . . . . . . . . . 1 . Detonate 3 | . . . . . . . . . . . . . . . . . . . . . 2 . 1 . . Melee Attacks 111 | . . . . . 1 7 8 9 3 3 16 3 11 . 3 7 9 4 . . 1 . . 16 10 Impact . | . . . . . . . . . . . . . . . . . . . . . . . . . . Slashing 83 | . . . . . . . . . . 3 16 3 11 . 3 7 9 4 . . 1 . . 16 10 Piercing 28 | . . . . . 1 7 8 9 3 . . . . . . . . . . . . . . . . Sneak Attacks 20 | . . . . . . . . . . . 1 . . . 1 . 4 . . . . . . 13 1 Combat Hostiles . | . . . . . . . . . . . . . . . . . . . . . . . . . . Follow-up Attacks . | . . . . . . . . . . . . . . . . . . . . . . . . . . Damage Inflicted 18632 | 328 722 468 . 910 248 556 629 384 . 463 104 194 1154 . 74 583 843 387 73 75 1250 2164 1789 2424 2810 Guns 5229 | 328 722 468 . 344 248 463 213 21 . 23 . . . . 8 36 . 38 . 5 177 759 686 . 690 Cannons 5657 | . . . . . . . 416 . . 64 25 194 205 . . 222 229 128 73 70 732 936 71 943 1349 Explosions 5467 | . . . . 566 . . . 211 . 376 . . 949 . . 325 300 221 . . 341 454 1032 . 692 Melee 2264 | . . . . . . 93 . 152 . . 79 . . . 66 . 314 . . . . . . 1481 79 Ramming 15 | . . . . . . . . . . . . . . . . . . . . . . 15 . . . Kinetic 5534 | 185 576 468 . 344 248 463 629 21 . 87 25 . 71 . 8 150 119 128 39 5 406 1033 51 . 478 Thermal 4920 | 143 146 . . . . . . . . . . 194 134 . . 108 110 38 34 70 783 505 363 943 1349 Explosive 4387 | . . . . 566 . . . 211 . 376 . . 949 . . 325 300 221 . . . 454 740 . 245 Electromagnetic 447 | . . . . . . . . . . . . . . . . . . . . . . . . . 447 Impact . | . . . . . . . . . . . . . . . . . . . . . . . . . . Slashing 2019 | . . . . . . . . . . . 79 . . . 66 . 314 . . . . . . 1481 79 Piercing 245 | . . . . . . 93 . 152 . . . . . . . . . . . . . . . . . Entropic 1065 | . . . . . . . . . . . . . . . . . . . . . 61 157 635 . 212 Highest Corruption 15 | . . . . 3 . . . . . . 3 3 3 3 6 . . . . . 4 4 4 15 13 Average Corruption 3 | . . . . 3 . . . . . . 2 3 3 3 3 . . . . . 3 4 4 4 4 Corruption Purged 19 | . . . . . . . . . . . . . . . . . . . . . . . . 19 . Corruption Blocked . | . . . . . . . . . . . . . . . . . . . . . . . . . . Effects 157 | . . . . 5 . . . . . . 3 24 33 4 14 . . . . . 11 46 6 10 1 Message Errors 40 | . . . . 1 . . . . . . 1 6 7 1 4 . . . . . 2 12 2 4 . Matter Fused 37 | . . . . 3 . . . . . . 1 7 6 1 1 . . . . . 3 12 1 2 . Heat Flow Errors 20 | . . . . . . . . . . . . 3 6 . 2 . . . . . 2 3 1 3 . Energy Discharges 16 | . . . . 1 . . . . . . . 1 1 1 2 . . . . . 2 6 1 1 . Parts Rejected 1 | . . . . . . . . . . . . . . . . . . . . . . . . . 1 Data Loss (minor) 19 | . . . . . . . . . . . 1 3 7 1 1 . . . . . 1 5 . . . Data Loss (major) 8 | . . . . . . . . . . . . 1 1 . 2 . . . . . . 4 . . . Misfires 7 | . . . . . . . . . . . . . 4 . 1 . . . . . . 2 . . . Alerts 4 | . . . . . . . . . . . . 2 1 . 1 . . . . . . . . . . Weapon Failures 5 | . . . . . . . . . . . . 1 . . . . . . . . 1 2 1 . . Overload Shots . | . . . . . . . . . . . . . . . . . . . . . . . . . . Overflow Damage 824 | . . . . 19 . 2 21 . . . . . 44 . . 59 66 . . . 70 6 64 434 39 Projectiles 107 | . . . . . . . 21 . . . . . 16 . . 22 . . . . 17 6 . . 25 Explosions 215 | . . . . 19 . . . . . . . . 28 . . 37 . . . . 53 . 64 . 14 Melee 502 | . . . . . . 2 . . . . . . . . . . 66 . . . . . . 434 . Knockbacks 10 | . . . . . . . . . . . . . . . . . 1 . 1 . 1 7 . . . Impact . | . . . . . . . . . . . . . . . . . . . . . . . . . . Kinetic 9 | . . . . . . . . . . . . . . . . . 1 . 1 . 1 6 . . . Secondary 1 | . . . . . . . . . . . . . . . . . . . . . . 1 . . . Self-Inflicted Damage 313 | . . . . 162 . . . . . 8 . . 25 . . . . . . . . 26 . . 92 Shots 9 | . . . . 4 . . . . . 1 . . 2 . . . . . . . . 1 . . 1 Rammed 1 | . . . . . . . . . . . . . . . . . . . . . . 1 . . . Targets Rammed 1 | . . . . . . . . . . . . . . . . . . . . . . 1 . . . Kicked . | . . . . . . . . . . . . . . . . . . . . . . . . . . Crushed . | . . . . . . . . . . . . . . . . . . . . . . . . . . Highest Temperature 477 | . 42 4 . 60 186 267 234 12 . 180 88 208 425 . 179 199 216 132 45 90 273 197 399 215 477 Average Temperature 89 | . 15 4 . 20 69 122 89 7 . 78 29 87 95 . 84 115 73 46 30 50 80 83 150 113 118 Received Heat Transfer 1240 | . 138 60 . . 126 81 42 . . 24 . . 91 . . 135 45 63 . . 45 150 21 45 174 Effects 6 | . . . . . . . . . . . . . 1 . . . . . . . . . 1 1 3 Shutdowns 1 | . . . . . . . . . . . . . . . . . . . . . . . . . 1 Energy Bleed 3 | . . . . . . . . . . . . . 1 . . . . . . . . . 1 1 . Matter Decay 1 | . . . . . . . . . . . . . . . . . . . . . . . . . 1 Damage (minor) 1 | . . . . . . . . . . . . . . . . . . . . . . . . . 1 Siege Activations 4 | . . . . . . . . . . . . . . . . . . . . . . . 1 3 . Total Turns 17 | . . . . . . . . . . . . . . . . . . . . . . . 4 13 . Longest Duration 8 | . . . . . . . . . . . . . . . . . . . . . . . 4 8 . Robots Corrupted . | . . . . . . . . . . . . . . . . . . . . . . . . . . Combat Hostiles . | . . . . . . . . . . . . . . . . . . . . . . . . . . Parts Fried 4 | . . . . . . . . . . . . . . . . . . . . . . 1 . . 3 Impact Corruptions . | . . . . . . . . . . . . . . . . . . . . . . . . . . Robots Melted 8 | . . . . . . . . . . . . . 1 . . . . . . . 1 2 1 1 2 Combat Hostiles 7 | . . . . . . . . . . . . . 1 . . . . . . . 1 2 1 1 1 Parts Melted 11 | 1 . . . . . . . . . . . 1 3 . . . . . . . 1 2 . 1 2 Heat Transferred 5244 | 325 325 . . . . . . . . . . 300 200 . . 111 111 37 18 74 607 518 324 962 1332 Parts Sabotaged . | . . . . . . . . . . . . . . . . . . . . . . . . . . Parts Stolen . | . . . . . . . . . . . . . . . . . . . . . . . . . . Parts Stripped . | . . . . . . . . . . . . . . . . . . . . . . . . . . Power Chain Reactions . | . . . . . . . . . . . . . . . . . . . . . . . . . . Missiles Intercepted . | . . . . . . . . . . . . . . . . . . . . . . . . . . Alert | -11 -10 -10 -10 -9 -8 -7 -7 -7 -7 -6 -6 -6 -6 -6 -5 -5 -5 -5 -5 -4 -4 -4 -4 -4 -4 ------- Run | Scr Mat Min Exi Min Mat Fac Low Low Zio Pro Fac Low Low Dat Pro Fac Upp Upp War Pro Fac Ext Cet Arc Hub Peak Influence 797 | 20 312 153 . 401 275 471 . . . . 43 . . . . 208 . . . . 247 797 776 516 634 Initial 445 | . 13 94 . . 138 124 . . . . 12 . . . . 25 . . . . . . 445 310 115 Average 225 | 6 148 62 . 206 199 334 . . . . 22 . . . . 70 . . . . 93 381 675 417 246 Maximum Alert Level 3 | . 1 . . 2 1 2 . . . . . . . . . 1 . . . . 1 3 3 2 2 Low Security (%) 56 | 100 74 100 . 36 55 5 . . . . 100 . . . . 91 . . . . 98 34 . . 42 Level 1 24 | . 25 . . 52 44 61 . . . . . . . . . 8 . . . . 1 22 . 44 54 Level 2 13 | . . . . 11 . 33 . . . . . . . . . . . . . . . 26 40 55 2 Level 3 5 | . . . . . . . . . . . . . . . . . . . . . . 17 59 . . Level 4 . | . . . . . . . . . . . . . . . . . . . . . . . . . . Level 5 . | . . . . . . . . . . . . . . . . . . . . . . . . . . High Security . | . . . . . . . . . . . . . . . . . . . . . . . . . . Max Security . | . . . . . . . . . . . . . . . . . . . . . . . . . . Squads Dispatched 15 | . 4 . . . . 4 . . . . . . . . . . . . . . 2 2 . . 3 Investigation 4 | . 1 . . . . 3 . . . . . . . . . . . . . . . . . . . Extermination 4 | . . . . . . 1 . . . . . . . . . . . . . . 2 . . . 1 Reinforcement 5 | . 3 . . . . . . . . . . . . . . . . . . . . . . . 2 Assault 2 | . . . . . . . . . . . . . . . . . . . . . . 2 . . . Garrison . | . . . . . . . . . . . . . . . . . . . . . . . . . . Intercept . | . . . . . . . . . . . . . . . . . . . . . . . . . . Searches Triggered . | . . . . . . . . . . . . . . . . . . . . . . . . . . Data Miner Redirects 1 | . . . . . . . . . . . . . . . . . . . . . . 1 . . . Construction Impeded . | . . . . . . . . . . . . . . . . . . . . . . . . . . Haulers Reinforced 1 | . . . . . . . . . . . . . . . . . . . . . . . . . 1 Active Scanning Responses . | . . . . . . . . . . . . . . . . . . . . . . . . . . Cargo Convoy Interrupts . | . . . . . . . . . . . . . . . . . . . . . . . . . . Stealth | -11 -10 -10 -10 -9 -8 -7 -7 -7 -7 -6 -6 -6 -6 -6 -5 -5 -5 -5 -5 -4 -4 -4 -4 -4 -4 --------- Run | Scr Mat Min Exi Min Mat Fac Low Low Zio Pro Fac Low Low Dat Pro Fac Upp Upp War Pro Fac Ext Cet Arc Hub Distress Signals 4 | . 2 . . . . . . . . . . . . . . . . . . . . . 1 . 1 Communications Jammed 27 | . . . . . . . . . . . . . . . . . . . . . 1 3 . . 23 Distress Signals 27 | . . . . . . . . . . . . . . . . . . . . . 1 3 . . 23 Times Spotted 193 | . 29 7 . 15 6 6 4 3 . 3 1 . 11 . 1 3 4 3 8 1 8 30 13 17 20 Peak Tracking Total 6 | . 4 3 . 5 4 2 1 3 . 2 1 . 4 . 1 3 2 3 6 1 3 5 6 1 5 Tactical Retreats 6 | . 1 . . 3 . 1 . . . . . . . . . . . . . . . . . . 1 Traps | -11 -10 -10 -10 -9 -8 -7 -7 -7 -7 -6 -6 -6 -6 -6 -5 -5 -5 -5 -5 -4 -4 -4 -4 -4 -4 ------- Run | Scr Mat Min Exi Min Mat Fac Low Low Zio Pro Fac Low Low Dat Pro Fac Upp Upp War Pro Fac Ext Cet Arc Hub Traps Triggered 10 | . 3 . . . . 1 . . . . 2 . . . . 1 . . . . . 3 . . . Indirectly . | . . . . . . . . . . . . . . . . . . . . . . . . . . Trap Hack Attempts . | . . . . . . . . . . . . . . . . . . . . . . . . . . Triggered . | . . . . . . . . . . . . . . . . . . . . . . . . . . Disarmed . | . . . . . . . . . . . . . . . . . . . . . . . . . . Reprogrammed . | . . . . . . . . . . . . . . . . . . . . . . . . . . Reused . | . . . . . . . . . . . . . . . . . . . . . . . . . . Traps Extracted . | . . . . . . . . . . . . . . . . . . . . . . . . . . Installed . | . . . . . . . . . . . . . . . . . . . . . . . . . . Triggered 10 | . . . . . . . . 2 . . . . . . . . . . 8 . . . . . . Machines | -11 -10 -10 -10 -9 -8 -7 -7 -7 -7 -6 -6 -6 -6 -6 -5 -5 -5 -5 -5 -4 -4 -4 -4 -4 -4 ---------- Run | Scr Mat Min Exi Min Mat Fac Low Low Zio Pro Fac Low Low Dat Pro Fac Upp Upp War Pro Fac Ext Cet Arc Hub Machines Disabled 24 | . 2 . . 2 . . . . . . . . . . . 3 . . . . . 2 1 3 11 Max in Single Turn 7 | . 1 . . 1 . . . . . . . . . . . 2 . . . . . . . 1 7 Garrison Access 5 | . . . . . . 1 . . . . . . . . . . . . . . 2 . . . 2 Network Hub 1 | . . . . . . . . . . . . . . . . . . . . . . . . . 1 Machines Sabotaged . | . . . . . . . . . . . . . . . . . . . . . . . . . . Garrisons Compromised . | . . . . . . . . . . . . . . . . . . . . . . . . . . Overloaded Fab Kills . | . . . . . . . . . . . . . . . . . . . . . . . . . . Hacking | -11 -10 -10 -10 -9 -8 -7 -7 -7 -7 -6 -6 -6 -6 -6 -5 -5 -5 -5 -5 -4 -4 -4 -4 -4 -4 --------- Run | Scr Mat Min Exi Min Mat Fac Low Low Zio Pro Fac Low Low Dat Pro Fac Upp Upp War Pro Fac Ext Cet Arc Hub Machines Accessed 54 | . 4 2 1 . 1 6 . 1 1 . 1 . 1 4 . 3 1 1 9 . 6 1 3 1 7 Terminals 28 | . 4 2 . . 1 4 . 1 . . . . . . . 3 1 . . . 3 1 3 . 5 Fabricators 2 | . . . . . . 1 . . . . 1 . . . . . . . . . . . . . . Repair Stations 1 | . . . . . . . . . . . . . . . . . . . . . 1 . . . . Recycling Units . | . . . . . . . . . . . . . . . . . . . . . . . . . . Scanalyzers . | . . . . . . . . . . . . . . . . . . . . . . . . . . Garrison Access 5 | . . . . . . 1 . . . . . . . . . . . . . . 2 . . . 2 Total Hacks 136 | . 13 4 1 . 3 11 . 2 3 . 2 . 1 30 . 6 1 1 17 . 12 3 8 1 17 Successful 100 | . 7 3 1 . 1 3 . 2 3 . 1 . 1 30 . 3 1 1 17 . 7 1 6 1 11 Failed 36 | . 6 1 . . 2 8 . . . . 1 . . . . 3 . . . . 5 2 2 . 6 Catastrophic 5 | . 1 . . . 1 2 . . . . . . . . . 1 . . . . . . . . . Database Lockouts . | . . . . . . . . . . . . . . . . . . . . . . . . . . Manual 32 | . 7 3 . . 1 3 . . 1 . . . . . . 1 . . 2 . 1 3 1 . 9 Terminals 68 | . 13 4 . . 3 6 . 2 . . . . . . . 6 1 . . . 8 3 8 . 14 Fabricators 4 | . . . . . . 2 . . . . 2 . . . . . . . . . . . . . . Repair Stations 2 | . . . . . . . . . . . . . . . . . . . . . 2 . . . . Recycling Units . | . . . . . . . . . . . . . . . . . . . . . . . . . . Scanalyzers . | . . . . . . . . . . . . . . . . . . . . . . . . . . Garrison Access 8 | . . . . . . 3 . . . . . . . . . . . . . . 2 . . . 3 Terminal Hacks 85 | . 7 1 1 . 1 1 . 2 3 . . . 1 30 . 3 1 1 17 . 4 . 6 1 5 Record 37 | . . . 1 . . . . 2 . . . . . 11 . . 1 . 16 . . . 5 1 . Part Schematic 16 | . 3 . . . . . . . 3 . . . . 10 . . . . . . . . . . . Robot Schematic 6 | . . . . . . . . . . . . . . 6 . . . . . . . . . . . Robot Analysis 1 | . 1 . . . . . . . . . . . . . . . . . . . . . . . . Prototype ID Bank 5 | . 1 . . . . . . . . . . . . 3 . 1 . . . . . . . . . Open Door 4 | . . . . . . . . . . . . . 1 . . . . 1 1 . . . 1 . . Open DSF 2 | . . . . . . . . . . . . . . . . 1 . . . . 1 . . . . Branch Access Points 3 | . 1 . . . . 1 . . . . . . . . . . . . . . 1 . . . . Machine Index 2 | . . . . . . . . . . . . . . . . . . . . . 1 . . . 1 Alert Level 1 | . 1 . . . . . . . . . . . . . . . . . . . . . . . . Locate Traps 1 | . . . . . . . . . . . . . . . . . . . . . . . . . 1 Hauler Manifests 3 | . . . . . 1 . . . . . . . . . . . . . . . . . . . 2 Zone Layout 4 | . . 1 . . . . . . . . . . . . . 1 . . . . 1 . . . 1 Fabricator Hacks 2 | . . . . . . 1 . . . . 1 . . . . . . . . . . . . . . Build 2 | . . . . . . 1 . . . . 1 . . . . . . . . . . . . . . Repair Station Hacks 1 | . . . . . . . . . . . . . . . . . . . . . 1 . . . . Scan Component 1 | . . . . . . . . . . . . . . . . . . . . . 1 . . . . Recycling Unit Hacks . | . . . . . . . . . . . . . . . . . . . . . . . . . . Scanalyzer . | . . . . . . . . . . . . . . . . . . . . . . . . . . Garrison Access Hacks 4 | . . . . . . . . . . . . . . . . . . . . . 2 . . . 2 Seal Access 4 | . . . . . . . . . . . . . . . . . . . . . 2 . . . 2 Unauthorized Hacks 8 | . . 2 . . . 1 . . . . . . . . . . . . . . . 1 . . 4 Terminals 7 | . . 2 . . . . . . . . . . . . . . . . . . . 1 . . 4 Track 6 | . . 2 . . . . . . . . . . . . . . . . . . . . . . 4 Assimilate 1 | . . . . . . . . . . . . . . . . . . . . . . 1 . . . Fabricators . | . . . . . . . . . . . . . . . . . . . . . . . . . . Repair Stations . | . . . . . . . . . . . . . . . . . . . . . . . . . . Recycling Units . | . . . . . . . . . . . . . . . . . . . . . . . . . . Scanalyzers . | . . . . . . . . . . . . . . . . . . . . . . . . . . Garrison Access 1 | . . . . . . 1 . . . . . . . . . . . . . . . . . . . Jam 1 | . . . . . . 1 . . . . . . . . . . . . . . . . . . . Data Cores Recovered 1 | . . . . . . . . . . . . . . . . . . . . . . 1 . . . Used . | . . . . . . . . . . . . . . . . . . . . . . . . . . Hacking Detections 27 | . 3 2 . . 1 6 . . . . 1 . . . . 2 . . . . 4 1 1 . 6 Full Trace Events 2 | . 1 . . . . 1 . . . . . . . . . . . . . . . . . . . Feedback Events . | . . . . . . . . . . . . . . . . . . . . . . . . . . Feedback Blocked . | . . . . . . . . . . . . . . . . . . . . . . . . . . Robot Schematics Acquired 6 | . . . . . . . . . . . . . . 6 . . . . . . . . . . . Robots Built . | . . . . . . . . . . . . . . . . . . . . . . . . . . Authchips . | . . . . . . . . . . . . . . . . . . . . . . . . . . Time . | . . . . . . . . . . . . . . . . . . . . . . . . . . Total Robot Build Rating . | . . . . . . . . . . . . . . . . . . . . . . . . . . Part Schematics Acquired 16 | . 3 . . . . . . . 3 . . . . 10 . . . . . . . . . . . Parts Built 4 | . . . . . . 2 . . . . 2 . . . . . . . . . . . . . . Authchips . | . . . . . . . . . . . . . . . . . . . . . . . . . . Time 116 | . . . . . . 58 . . . . 58 . . . . . . . . . . . . . . Total Part Build Rating 28 | . . . . . . 14 . . . . 14 . . . . . . . . . . . . . . Parts Repaired . | . . . . . . . . . . . . . . . . . . . . . . . . . . Time . | . . . . . . . . . . . . . . . . . . . . . . . . . . Parts Recycled . | . . . . . . . . . . . . . . . . . . . . . . . . . . Recycled Matter . | . . . . . . . . . . . . . . . . . . . . . . . . . . Retrieved Matter . | . . . . . . . . . . . . . . . . . . . . . . . . . . Retrieved Components . | . . . . . . . . . . . . . . . . . . . . . . . . . . Parts Scanalyzed . | . . . . . . . . . . . . . . . . . . . . . . . . . . Part Schematics Acquired . | . . . . . . . . . . . . . . . . . . . . . . . . . . Parts Damaged . | . . . . . . . . . . . . . . . . . . . . . . . . . . Bothacking | -11 -10 -10 -10 -9 -8 -7 -7 -7 -7 -6 -6 -6 -6 -6 -5 -5 -5 -5 -5 -4 -4 -4 -4 -4 -4 ------------ Run | Scr Mat Min Exi Min Mat Fac Low Low Zio Pro Fac Low Low Dat Pro Fac Upp Upp War Pro Fac Ext Cet Arc Hub Used RIF Installer . | . . . . . . . . . . . . . . . . . . . . . . . . . . Robots Hacked . | . . . . . . . . . . . . . . . . . . . . . . . . . . Non-combat . | . . . . . . . . . . . . . . . . . . . . . . . . . . Combat . | . . . . . . . . . . . . . . . . . . . . . . . . . . Robot Hacks Applied . | . . . . . . . . . . . . . . . . . . . . . . . . . . Relay Couplers Released . | . . . . . . . . . . . . . . . . . . . . . . . . . . Fabnet Peak Effective % . | . . . . . . . . . . . . . . . . . . . . . . . . . . Robots Rewired 19 | . . . . . . . . . . . . . . . . . . . . . . 19 . . . Allies Hacked 2 | . . . . . . . . . . . . . . . . . . . . . . 2 . . . Hacks Repelled . | . . . . . . . . . . . . . . . . . . . . . . . . . . Allies | -11 -10 -10 -10 -9 -8 -7 -7 -7 -7 -6 -6 -6 -6 -6 -5 -5 -5 -5 -5 -4 -4 -4 -4 -4 -4 -------- Run | Scr Mat Min Exi Min Mat Fac Low Low Zio Pro Fac Low Low Dat Pro Fac Upp Upp War Pro Fac Ext Cet Arc Hub Total Allies 28 | . . 1 . . . . . . . . . . . . 1 . . . . . . 26 . . . Largest Group 13 | . . 1 1 . . . . . . . . . . . 1 . . . . . . 13 1 . . Highest-Rated Group 652 | . . 31 31 . . . . . . . . . . . 96 . . . . . . 652 134 . . Highest-Rated Ally 159 | . . 31 31 . . . . . . . . . . . 96 . . . . . . 159 134 . . Total Orders . | . . . . . . . . . . . . . . . . . . . . . . . . . . Ally Attacks 220 | . . . . . . . . . . . . . . . 2 . . . . . . 205 13 . . Total Damage 7198 | . . . . . . . . . . . . . . . 118 . . . . . . 6738 342 . . Kills 39 | . . . . . . . . . . . . . . . 1 . . . . . . 34 4 . . Allies Corrupted 1 | . . . . . . . . . . . . . . . . . . . . . . 1 . . . Allies Melted . | . . . . . . . . . . . . . . . . . . . . . . . . . . Intel | -11 -10 -10 -10 -9 -8 -7 -7 -7 -7 -6 -6 -6 -6 -6 -5 -5 -5 -5 -5 -4 -4 -4 -4 -4 -4 ------- Run | Scr Mat Min Exi Min Mat Fac Low Low Zio Pro Fac Low Low Dat Pro Fac Upp Upp War Pro Fac Ext Cet Arc Hub Robot Analysis Total 1 | . 1 . . . . . . . . . . . . . . . . . . . . . . . . Derelict Logs Recovered 16 | . . 1 . 2 . . 1 1 . . . 3 1 . 1 . 2 3 . 1 . . . . . Drone Launches . | . . . . . . . . . . . . . . . . . . . . . . . . . . Drone Recoveries . | . . . . . . . . . . . . . . . . . . . . . . . . . . Exploration | -11 -10 -10 -10 -9 -8 -7 -7 -7 -7 -6 -6 -6 -6 -6 -5 -5 -5 -5 -5 -4 -4 -4 -4 -4 -4 ------------- Run | Scr Mat Min Exi Min Mat Fac Low Low Zio Pro Fac Low Low Dat Pro Fac Upp Upp War Pro Fac Ext Cet Arc Hub Turns Passed 23578 | 115 1130 1247 914 631 270 675 1930 1195 1258 1040 651 1393 1982 129 751 389 964 947 754 700 808 1833 299 627 946 Spaces Moved 14790 | 36 720 718 381 394 154 446 1238 858 926 675 423 962 1062 93 544 228 640 690 663 610 424 960 142 208 595 Core 2 | 2 . . . . . . . . . . . . . . . . . . . . . . . . . Treads 1084 | . 182 266 381 14 . . . . 2 . . . 110 . . . . . . . . 16 2 111 . Legs . | . . . . . . . . . . . . . . . . . . . . . . . . . . Wheels 13704 | 34 538 452 . 380 154 446 1238 858 924 675 423 962 952 93 544 228 640 690 663 610 424 944 140 97 595 Hover . | . . . . . . . . . . . . . . . . . . . . . . . . . . Flight . | . . . . . . . . . . . . . . . . . . . . . . . . . . Fastest Speed 50 | 50 95 110 240 120 130 115 130 130 130 130 130 130 130 130 130 145 125 125 108 108 123 158 141 109 106 Average Speed 136 | 87 113 161 240 130 133 125 130 131 130 130 136 136 147 130 131 145 137 125 109 109 131 160 165 193 115 Slowest Speed 250 | 95 160 240 240 240 145 145 130 160 250 130 145 145 247 145 145 145 145 125 123 123 160 245 245 245 190 Overloaded Moves . | . . . . . . . . . . . . . . . . . . . . . . . . . . Propulsion Burnouts . | . . . . . . . . . . . . . . . . . . . . . . . . . . Robots Hopped . | . . . . . . . . . . . . . . . . . . . . . . . . . . Cave-ins Triggered . | . . . . . . . . . . . . . . . . . . . . . . . . . . Exploration Rate (%) 66 | 4 92 98 75 68 20 13 97 94 82 89 11 87 87 72 85 7 85 82 88 69 12 98 74 78 64 Regions Visited 25 Branch Regions 19 Pre-discovered Areas 9 | . . 1 1 . . . . 1 2 . . . . 1 . . . 1 2 . . . . . . Known Exits Taken 21 | . 1 . . . 1 1 1 1 1 1 1 1 1 1 1 1 1 1 1 1 1 1 1 1 . Unknown Exits Taken 4 | 1 . 1 1 1 . . . . . . . . . . . . . . . . . . . . . Scrap Searched 37 | . . 1 . 2 . . 3 5 4 4 . 2 4 . 3 . 2 3 . 4 . . . . . Spaces Dug 167 | . . . . 17 1 2 8 5 1 26 14 4 34 . 2 7 6 9 . 3 12 . . . 16 Terrain Destroyed 767 | . . . . 88 1 2 20 24 1 26 18 9 98 . 2 32 46 41 . 5 32 84 39 3 196 Melee 72 | . . . . . 1 2 6 5 1 3 14 3 11 . 2 7 5 4 . . 1 . . . 7 Projectile 196 | . . . . . . . 14 1 . . 4 6 36 . . 5 5 15 . 5 28 23 14 3 37 AOE 499 | . . . . 88 . . . 18 . 23 . . 51 . . 20 36 22 . . 3 61 25 . 152 Terrain Rammed . | . . . . . . . . . . . . . . . . . . . . . . . . . . Walls Destroyed . | . . . . . . . . . . . . . . . . . . . . . . . . . . Machines Disabled . | . . . . . . . . . . . . . . . . . . . . . . . . . . Actions | -11 -10 -10 -10 -9 -8 -7 -7 -7 -7 -6 -6 -6 -6 -6 -5 -5 -5 -5 -5 -4 -4 -4 -4 -4 -4 --------- Run | Scr Mat Min Exi Min Mat Fac Low Low Zio Pro Fac Low Low Dat Pro Fac Upp Upp War Pro Fac Ext Cet Arc Hub Total 17274 | 81 950 761 382 455 202 517 1500 902 975 823 471 1026 1401 99 575 262 690 741 691 634 606 1185 194 408 743 Wait 1134 | 16 137 6 . 1 8 13 203 15 25 129 . 43 237 . . . 3 9 2 . 73 52 5 118 39 Move 14765 | 35 719 717 380 393 153 445 1237 857 925 674 422 961 1061 92 543 227 639 689 662 609 423 959 141 207 595 Hop . | . . . . . . . . . . . . . . . . . . . . . . . . . . Pick Up 115 | 6 14 1 1 4 8 8 3 1 3 2 8 . 7 . 5 5 2 2 5 3 8 3 4 4 8 Fast Attach 69 | 7 7 2 . 1 1 4 1 . 6 . . . . 2 4 1 2 3 5 3 11 . 2 6 1 Attach 44 | . 2 1 . 2 5 1 . 1 . . 3 . 3 . 2 2 . . 1 2 2 4 2 7 4 Detach 8 | . 1 1 . . . 2 . . . . . . . . 1 . . . . 1 . . 1 1 . Swap 303 | . 9 6 . 14 10 13 15 12 3 9 8 6 30 3 9 8 18 13 4 6 36 28 4 6 33 Drop 167 | . 15 4 1 8 9 8 4 1 10 2 9 . 8 2 8 5 5 5 11 5 20 5 6 9 7 Fire 450 | 17 46 23 . 32 7 16 29 6 . 4 5 13 44 . . 7 12 16 1 5 32 26 29 34 46 Melee 111 | . . . . . 1 7 8 9 3 3 16 3 11 . 3 7 9 4 . . 1 . . 16 10 Ram 1 | . . . . . . . . . . . . . . . . . . . . . . 1 . . . Kick . | . . . . . . . . . . . . . . . . . . . . . . . . . . Crush . | . . . . . . . . . . . . . . . . . . . . . . . . . . Escape Stasis 24 | . . . . . . . . . . . . . . . . . . . . . . 24 . . . Rewire 83 | . . . . . . . . . . . . . . . . . . . . . . 83 . . . Trap . | . . . . . . . . . . . . . . . . . . . . . . . . . . Miscellaneous . | . . . . . . . . . . . . . . . . . . . . . . . . . . Route ------- -11/Scrapyard -10/Materials (discovered 3 exits: [*Mat x2] / *Min) -10/Mines (discovered 3 exits: [*Mat x2] / *Exi) -10/Exiles -9/Mines -8/Materials (discovered 2 exits: *Fac / Sto) -7/Factory (discovered 2 exits: *Low x2) -7/Lower Caves -7/Lower Caves (discovered 2 exits: *Fac / *Zio) -7/Zion -6/Proximity Caves -6/Factory -6/Lower Caves -6/Lower Caves (discovered 2 exits: *Fac / *Dat) -6/Data Miner -5/Proximity Caves -5/Factory -5/Upper Caves -5/Upper Caves (discovered 2 exits: *Fac / *War) -5/Warlord -4/Proximity Caves -4/Factory (discovered 6 exits: Res / Upp x2 / *Ext x2 / Arm) -4/Extension (discovered 2 exits: *Res / *Cet) -4/Cetus -4/Archives (discovered 3 exits: *Res / *Hub x2) -4/Hub_04(d) (discovered 2 exits: *Res x2) History --------- Turn | Location | Event 15 | -11/Scrapyard | Discovered new exit (range 16) 116 | -11/Scrapyard | Entered Materials 307 | -10/Materials | Build established: Mutant 367 | -10/Materials | Discovered new exit (range 4) 834 | -10/Materials | Discovered new exit (range 11) 911 | -10/Materials | Discovered new exit (range 14) 950 | -10/Materials | Identified exit to Mines 1246 | -10/Materials | Entered Mines 1393 | -10/Mines | Received a Rocket Launcher from a helpful Derelict 1435 | -10/Mines | Learned location of Recycling (-8) 1483 | -10/Mines | Discovered new exit (range 7) 1742 | -10/Mines | Deemed a non-threat by the Exiles lab entrance 2114 | -10/Mines | Build established: Scavenger-Mutant 2145 | -10/Mines | Discovered new exit (range 10) 2263 | -10/Mines | Received a Mining Laser from a helpful Derelict 2483 | -10/Mines | Discovered new exit (range 5) 2493 | -10/Mines | Entered Exiles 2493 | -10/Exiles | Accompanied by 1 ally 2553 | -10/Exiles | Met 8R-AWN 2592 | -10/Exiles | Met EX-HEX 2685 | -10/Exiles | Met EX-DEC 2697 | -10/Exiles | Learned location of Zion (-7) 2797 | -10/Exiles | Visited The Gauntlet 3021 | -10/Exiles | Met EX-BIN 3383 | -10/Exiles | Discovered new exit (range 12) 3407 | -10/Exiles | Entered Mines 3411 | -9/Mines | Met a Derelict bent on vengeance 3473 | -9/Mines | Learned location of 1 exit from Materials 3502 | -9/Mines | Found a damaged Exp. Sensor Array with a note attached 3505 | -9/Mines | Found Prototype Device 3604 | -9/Mines | Learned Materials emergency access door positions 3697 | -9/Mines | Build established: Mutant 3950 | -9/Mines | A weapon hastily lodged in a ceiling crevice suddenly fell to the ground 4018 | -9/Mines | Discovered new exit (range 12) 4038 | -9/Mines | Entered Materials 4038 | -8/Materials | Evolved 4 slots: Propulsion x1, Utility x2, Weapon x1 4039 | -8/Materials | Identified exit to Storage 4254 | -8/Materials | Found Prototype Launcher 4254 | -8/Materials | Identified Rocket Array 4261 | -8/Materials | Identified Exp. Sensor Array 4304 | -8/Materials | Discovered new exit (range 3) 4306 | -8/Materials | Identified exit to Factory 4308 | -8/Materials | Entered Factory 4308 | -7/Factory | Evolved 2 slots: Propulsion x1, Utility x1 4681 | -7/Factory | Fabricated Antimatter Reactor? 4968 | -7/Factory | Identified exit to Lower Caves 4983 | -7/Factory | Entered Lower Caves 5272 | -7/Lower Caves | Build established: Skirmisher 5790 | -7/Lower Caves | Attracted the attention of an 0b10 checkpoint 6178 | -7/Lower Caves | Learned 4 Factory zone layouts 6221 | -7/Lower Caves | Build established: Assassin 6807 | -7/Lower Caves | Discovered new exit (range 14) 6910 | -7/Lower Caves | Identified exit to Lower Caves 6913 | -7/Lower Caves | Entered another Lower Caves area 6970 | -7/Lower Caves | Discovered new exit (range 12) 6985 | -7/Lower Caves | Identified exit to Factory 7863 | -7/Lower Caves | Discovered new exit (range 10) 8107 | -7/Lower Caves | Identified exit to Zion 8108 | -7/Lower Caves | Entered Zion 8150 | -7/Zion | Discovered new exit (range 12) 8175 | -7/Zion | Found Prototype Device 8175 | -7/Zion | Identified Mobile Refinery Mk. CCLXVII 8339 | -7/Zion | Learned location of Armory (-4) 8426 | -7/Zion | Received a hallucinogenic algorithm 8786 | -7/Zion | Given A8's code to call for help 9360 | -7/Zion | Identified exit to Proximity Caves 9366 | -7/Zion | Entered Proximity Caves 9659 | -6/Proximity Caves | Build established: Mutant 10004 | -6/Proximity Caves | Build established: Assassin 10340 | -6/Proximity Caves | Attracted the attention of an 0b10 checkpoint 10363 | -6/Proximity Caves | Received a Behemoth hack from an annoying Tinkerer 10379 | -6/Proximity Caves | Discovered exit to Factory (range 13) 10406 | -6/Proximity Caves | Entered Factory 10406 | -6/Factory | Evolved 2 slots: Utility x2 10493 | -6/Factory | Fabricated Graphene Brace? 10711 | -6/Factory | Build established: Derelict-Assassin 10826 | -6/Factory | Discovered new exit (range 12) 10842 | -6/Factory | Identified exit to Lower Caves 11057 | -6/Factory | Entered Lower Caves 11365 | -6/Lower Caves | Build established: Infiltrator-Mutant 11531 | -6/Lower Caves | Learned Factory non-interactive machine intel 11739 | -6/Lower Caves | Encountered a Warlord checkpoint 11966 | -6/Lower Caves | Build established: Derelict-Assassin 12249 | -6/Lower Caves | Spotted B-75 Beast 12306 | -6/Lower Caves | Discovered new exit (range 12) 12322 | -6/Lower Caves | Identified exit to Lower Caves 12361 | -6/Lower Caves | Learned Factory stockpile data 12450 | -6/Lower Caves | Entered another Lower Caves area 12535 | -6/Lower Caves | Discovered new exit (range 11) 12550 | -6/Lower Caves | Identified exit to Factory 12630 | -6/Lower Caves | Learned Factory stockpile data 12754 | -6/Lower Caves | Build established: Derelict-Skirmisher 12995 | -6/Lower Caves | Spotted B-75 Beast 13170 | -6/Lower Caves | Build established: Infiltrator-Assassin 13559 | -6/Lower Caves | Build established: Derelict-Assassin 14165 | -6/Lower Caves | Destroyed B-75 Beast 14421 | -6/Lower Caves | Discovered new exit (range 9) 14430 | -6/Lower Caves | Identified exit to Data Miner 14432 | -6/Lower Caves | Entered Data Miner 14432 | -6/Data Miner | Discovered new exit (range 6) 14438 | -6/Data Miner | Identified exit to Proximity Caves 14458 | -6/Data Miner | Met Data Miner 14491 | -6/Data Miner | Learned location of Section 7 (-2) 14491 | -6/Data Miner | Acquired the access code to Warlord's prototype stash 14513 | -6/Data Miner | Received God Mode back door access code from Data Miner 14561 | -6/Data Miner | Entered Proximity Caves 15016 | -5/Proximity Caves | Escorted by Enhanced Grunt 15179 | -5/Proximity Caves | Found Prototype Device 15179 | -5/Proximity Caves | Identified Exp. Thermal Shield 15236 | -5/Proximity Caves | Discovered exit to Factory (range 5) 15271 | -5/Proximity Caves | Learned Factory terminal intel 15312 | -5/Proximity Caves | Entered Factory 15312 | -5/Factory | Evolved 2 slots: Utility x2 15313 | -5/Factory | Identified exit to Upper Caves 15315 | -5/Factory | Loaded intel: 267 non-interactive machine locations 15316 | -5/Factory | Loaded intel: 26 terminal locations 15328 | -5/Factory | Identified exit to DSF 15701 | -5/Factory | Entered Upper Caves 15867 | -5/Upper Caves | Identified exit to Upper Caves 16177 | -5/Upper Caves | Learned Factory garrison access intel 16293 | -5/Upper Caves | Ambushed by wild Derelicts 16665 | -5/Upper Caves | Entered another Upper Caves area 16683 | -5/Upper Caves | Learned Factory emergency access door positions 16738 | -5/Upper Caves | Discovered new exit (range 9) 16747 | -5/Upper Caves | Identified exit to Factory 16800 | -5/Upper Caves | Build established: Hacker-Skirmisher 17058 | -5/Upper Caves | Learned Factory emergency access door positions 17139 | -5/Upper Caves | Build established: Derelict-Assassin 17388 | -5/Upper Caves | Attracted the attention of an 0b10 checkpoint 17482 | -5/Upper Caves | Discovered new exit (range 10) 17494 | -5/Upper Caves | Identified exit to Warlord 17612 | -5/Upper Caves | Entered Warlord 17667 | -5/Warlord | Discovered new exit (range 14) 17772 | -5/Warlord | Learned location of Quarantine (-2) 17772 | -5/Warlord | Learned Research trap positions 17772 | -5/Warlord | Learned Quarantine trap positions 17772 | -5/Warlord | Learned Research stockpile data 17772 | -5/Warlord | Learned Quarantine stockpile data 17773 | -5/Warlord | Learned 4 Research zone layouts 17773 | -5/Warlord | Learned 4 Research zone layouts 17774 | -5/Warlord | Learned Quarantine security intel 17806 | -5/Warlord | Received a Watcher feed algorithm from an ecstatic Tinkerer 17842 | -5/Warlord | Build established: Hacker-Mutant 18056 | -5/Warlord | Met Warlord 18068 | -5/Warlord | Opened Warlord's prototype stash 18074 | -5/Warlord | Found Prototype Device 18074 | -5/Warlord | Identified Thermal Barrier 18081 | -5/Warlord | Warlord's base attacked by MAIN.C 18083 | -5/Warlord | Found Prototype Hackware 18083 | -5/Warlord | Identified System Mapper 18100 | -5/Warlord | Found Prototype Processor 18100 | -5/Warlord | Identified Exp. Target Analyzer 18107 | -5/Warlord | Found Prototype Reactor 18222 | -5/Warlord | Found Prototype Energy Gun 18225 | -5/Warlord | Found Prototype Energy Gun 18314 | -5/Warlord | Warlord forces counterattacked 18364 | -5/Warlord | Identified exit to Proximity Caves 18366 | -5/Warlord | Entered Proximity Caves 18424 | -4/Proximity Caves | Learned Research terminal intel 19051 | -4/Proximity Caves | Discovered exit to Factory (range 6) 19066 | -4/Proximity Caves | Entered Factory 19066 | -4/Factory | Evolved 2 slots: Power x1, Utility x1 19067 | -4/Factory | Identified exit to Research 19067 | -4/Factory | Identified Vortex Chain Reactor 19070 | -4/Factory | Loaded intel: 4 garrison access locations 19075 | -4/Factory | Identified exit to DSF 19244 | -4/Factory | Found Prototype Device 19244 | -4/Factory | Identified Exp. ECM Suite 19431 | -4/Factory | Identified Vortex Rail (x2) 19778 | -4/Factory | Discovered new exit (range 6) 19785 | -4/Factory | Identified exit to Upper Caves 19785 | -4/Factory | Identified exit to Extension 19785 | -4/Factory | Identified exit to Armory 19874 | -4/Factory | Entered Extension 19993 | -4/Extension | Rescued A7 20051 | -4/Extension | Rescued a captive Derelict 20052 | -4/Extension | Rescued a captive Derelict 20182 | -4/Extension | Rescued a captive Derelict 20199 | -4/Extension | Rescued a captive Derelict 20294 | -4/Extension | Rescued a captive Derelict 20455 | -4/Extension | Build established: Hacker-Gunner 20653 | -4/Extension | Spotted B-86 Titan 20659 | -4/Extension | P-70 Sage assimilated allied M5-VMZ(g) 20660 | -4/Extension | P-70 Sage assimilated allied WS-YZM(l) 20664 | -4/Extension | Destroyed B-86 Titan 20676 | -4/Extension | Spotted B-86 Titan 20684 | -4/Extension | Destroyed B-86 Titan 20735 | -4/Extension | Rescued a captive Derelict 21074 | -4/Extension | Disrupted transfer network 21374 | -4/Extension | First assault squad dispatched 21399 | -4/Extension | Incoming assault squad redirected 21670 | -4/Extension | Discovered new exit (range 15) 21673 | -4/Extension | Discovered exit to Research (range 15) 21693 | -4/Extension | Found Quantum Capacitor 21705 | -4/Extension | Identified exit to Cetus 21707 | -4/Extension | Entered Cetus 21707 | -4/Cetus | Accompanied by 1 ally (A7) 21712 | -4/Cetus | Acquired a Cetus Manufacturing Module code from A7 21742 | -4/Cetus | Spotted Cetus Guard 21742 | -4/Cetus | Spotted Cetus Guard 21746 | -4/Cetus | Destroyed Cetus Guard 21746 | -4/Cetus | Spotted Cetus Guard 21755 | -4/Cetus | Allies destroyed Cetus Guard 21757 | -4/Cetus | Allies destroyed Cetus Guard 21760 | -4/Cetus | Spotted Cetus Guard 21770 | -4/Cetus | Destroyed Cetus Guard 21820 | -4/Cetus | Cetus Manufacturing Module disabled 21936 | -4/Cetus | Failed to start Cetus Manufacturing Module 21977 | -4/Cetus | Discovered new exit (range 15) 21985 | -4/Cetus | Build established: Hacker-Mutant 22004 | -4/Cetus | Identified exit to Archives 22006 | -4/Cetus | Entered Archives 22132 | -4/Archives | Discovered new exit (range 14) 22154 | -4/Archives | Discovered new exit (range 16) 22167 | -4/Archives | Unable to access archive contents 22375 | -4/Archives | System corruption reached 10% 22407 | -4/Archives | Discovered exit to Research (range 16) 22632 | -4/Archives | Identified exit to Hub_04(d) 22633 | -4/Archives | Entered Hub_04(d) 22886 | -4/Hub_04(d) | Build established: Hacker-Assassin 22970 | -4/Hub_04(d) | Discovered exit to Research (range 5) 23224 | -4/Hub_04(d) | Discovered exit to Research (range 7) 23552 | -4/Hub_04(d) | Network Hub disabled 23578 | -4/Hub_04(d) | Spotted Lightning 23579 | -4/Hub_04(d) | Self-destructed Last Messages --------------- 23552_ Control Node disabled. 23552_ Slug penetrates Wall. 23556_ Penetrated by Slug. 23559_ Slug penetrates Wall. 23559_ Matter Neutralizer destroyed. 23559_ Slug penetrates Wall. 23559_ Penetrated by Slug. 23559_ Adv. KE Penetrator destroyed. 23561_ Acquired Corrupted Unknown Wheel. 23561_ Identified Wheel. 23561_ Integrated Corrupted Wheel (+10). 23562_ System corrupted: Imp. Cooling System rejected. 23562_ H-77 Assassin misfires. 23565_ Penetrated by Slug. 23565_ Arm. Huge Wheel destroyed. 23565_ Centrium Medium Armor Plating destroyed. 23566_ Slug penetrates Wall. 23566_ Wheel destroyed. 23572_ Slug penetrates Wall. 23579_ Penetrated by Slug. Map ----- +----------------------------------------------------+ | | | ????????????????????#?#????????????########??????? | | ???????????????????????????????????########??????? | | ??????????????? ???????????????????## ##??????? | | ???????????????? ???????? ?????????## ##?????#? | | ?????????????? ?????## ###### " ##??????? | | ???????????????###########+########## " ######### | | ??????????????? + " ######### | | ?????????????? #### # | | ?????????????? % " #### " # !/ | | ?????????????? "G" #### + / | | ??? """" " " ######### " " | | ??? """" " # ## " " | | ??? """" """" # """ ## " " | | ??? """" """" # ## | | ???+####### # """ ## ! | | ??? + + ######/##+ | | ??? # ##### ######## # / | | ? ? # #???#i#????### ####+### | | ?# # #?###w####?### ### ### | | ??? # #?###h####?## | | ???######## #?## ##?## ""#############= | | ??######### #### h##### #####"" "% %* =!="% | | ??? #= ##### ## " !=!*! || % | | ??? < # #### ### =!![;! = "= | | # "" h @ h * =" | | ################ "T #### ### ! ; ! " | | ##??#???????## "" #####+#### ! # " ! # | | !##?????????### "" # ## ##" ! # | | ##????#??##?## ## """ ########### # | | ##??????????###+#### ################+#### | | ##?#????????### #### ==* # # | | ###??#???????## + =** + # | | !##??#????????####### =* # + """ | | %##???????#???####### # ! # | | #+##??##??#?????????## """ # # | | # ##??###?###???????## # + ! | | # #########???#?#?#?## "" ########"###### | | #+#########?????#???## ########"####### | | "T" ###??#?????## " ###?## ## ####/ | | """ ##??#?#????## ##??##" ## # | | """ ##?????????###+#######?##" ## # | | """ ###?#??????### #######?##" ## # | | """ ##???#??????## ###?????##T """"## # | | ##????#??#?### # #?????##" """"## # | | """ """" ####???#???### " ########" """"## #! | | """ """" ##?????????###""#########" """"## # | | """ """" ##??##??#??### ## ## #! | | """ """" ##????????#?## ########+### ##### | | ##########?### # *!= | +----------------------------------------------------+ Best States ------------- Heat Dissipation 70 Coolant Potential 100 Energy Generation 55 Energy Capacity 700 Matter Stores 300 Matter Capacity 800 Sight Range 16 Robot Scan Range 20 Terrain Scan Range 20 Terrain Scan Density 10 Jamming Range 16 Armor Coverage 600 Resistance: KI 30 Resistance: TH 50 Resistance: EM 25 Evasion (%) 44 Targeting Accuracy 6 Target Analysis 10 Recoil Reduction 4 Kinecelleration 40 Offensive Hacking 34 Item Schematics ----------------- Hcp. Storage Unit | -10/Materials | Hacked Lrg. Storage Unit | -10/Materials | Hacked Huge Storage Unit | -10/Materials | Hacked Battle Rifle | -7/Zion | Free Barrage Gun | -7/Zion | Free Ripper | -7/Zion | Free Combat Drone Bay | -6/Data Miner | Free Lgt. Regenerative Plating | -6/Data Miner | Free Enh. Armored Leg | -6/Data Miner | Free Imp. Energy Well | -6/Data Miner | Free Tri-rail Accelerator | -6/Data Miner | Free Imp. Gyrokinetic Inverter | -6/Data Miner | Free Point Defense Array | -6/Data Miner | Free Adv. Datajack | -6/Data Miner | Free Antimatter Reactor | -6/Data Miner | Free Imp. Force Field | -6/Data Miner | Free Robot Schematics ------------------ R-10 Processor | -6/Data Miner | Free L-41 Fighter | -6/Data Miner | Free A-15 Conveyor | -6/Data Miner | Free E-15 Imp | -6/Data Miner | Free W-44 Eye | -6/Data Miner | Free M-30 Cleanser | -6/Data Miner | Free Fabricated ------------ Antimatter Reactor | x2 | -7/Factory | Preloaded Graphene Brace | x2 | -6/Factory | Preloaded Alien Tech Used ----------------- None Achievements -------------- None Challenges ------------ None Game ------ Seed GravmagMediumScrap Manual? 0 Play Time 04:58:03 Cumulative 550.9 hours Start 2022.04.09 @ 14:06:41 End 2022.05.12 @ 15:00:59 Sessions 35 Manual Loads 0 Difficulty Rogue Special Mode None Game No. 250 Rogue 243 Adventurer 7 Explorer 0 Win Type - Total 20 Types 12/0/3/5/0/0/0/0/0 Lore% 74 Gallery% 86 Achievement% 73 Wizard Run 0 Options --------- ASCII 0 Keyboard 0 Movement Numpad Keybinds 0 Fullscreen 1 Font 36/TerminusFine Map View 76x50 Tactical HUD 1 Map Filters NONE Filters LOW_CONTRAST(13,24,33) Steam X RUN: fd118fb2-8c27-4a55-929d-75c0a272a775